 Dungeon Crawl Stone Soup version 0.28.0 (webtiles) character file.

Game seed: 16327627916643171454

36 Eitelfritz the Poker (level 3, -3/28 HPs)
             Began as a Merfolk Gladiator on Feb 11, 2022.
             Killed from afar by a white imp (7 damage)
             ... with a puff of frost
             ... summoned by Natasha
             ... on level 2 of the Dungeon.
             The game lasted 00:02:14 (1396 turns).

Eitelfritz the Poker (Merfolk Gladiator)            Turns: 1396, Time: 00:02:15

Health: -3/28      AC:  4    Str: 14    XL:     3   Next: 37%
Magic:  3/3        EV: 13    Int:  9    God:
Gold:   37         SH:  0    Dex: 15    Spells: 2/2 levels left

rFire   . . .      SeeInvis .   a - +0 trident
rCold   . . .      Faith    .   (no shield)
rNeg    . . .      Spirit   .   b - +0 leather armour
rPois   .          Reflect  .   c - +0 helmet
rElec   .          Harm     .   (no cloak)
rCorr   .          Rampage  .   (no gloves)
Will    .....                   (no boots)
Stlth   +.........              (no amulet)
HPRegen 0.09/turn               (no ring)
MPRegen 0.08/turn               (no ring)

@: no status effects
A: (nimble swimmer 2), mertail
a: no special abilities


You were on level 2 of the Dungeon.
You visited 1 branch of the dungeon, and saw 2 of its levels.

You collected 37 gold pieces.

Inventory:

Hand Weapons
 a - a +0 trident (weapon)
Missiles
 d - 3 throwing nets (quivered)
 g - 48 stones
Armour
 b - a +0 leather armour (worn)
 c - a +0 helmet (worn)
 e - a +0 ring mail
Scrolls
 h - a scroll of vulnerability {unknown}
 i - a scroll of noise {unknown}
 k - a scroll of brand weapon {unknown}
 l - a scroll of immolation {unknown}
Potions
 f - 2 potions of heal wounds {unknown}
 j - a potion of cancellation {unknown}


   Skills:
 + Level 2.3 Fighting
 + Level 5.0 Polearms
 + Level 2.3 Throwing
 + Level 0.5 Armour
 + Level 4.5 Dodging
 + Level 0.2 Stealth


You had 2 spell levels left.
You didn't know any spells.
Your spell library was empty.

Dungeon Overview and Level Annotations

Branches:
Dungeon (2/15)

Altars:

Shops:
D:1 :   D:2 ?

Annotations:
D:2 Natasha


Innate Abilities, Weirdness & Mutations

((You are very nimble when in or above water. (Stealth+, EV+, Speed+++)))
Your lower body shifts to a powerful aquatic tail in water.


Message History

You hit Natasha but do no damage. Natasha barely misses you.
You hit Natasha.
Natasha is moderately wounded.
Natasha barely misses you.
Natasha mumbles some strange words.
You hit Natasha.
Natasha is moderately wounded.
The white imp hits you but does no damage.
Natasha stares at you and mumbles some strange words.
The magic dart hits you!
You hit Natasha but do no damage.
Natasha is moderately wounded.
The white imp hits you but does no damage.
Natasha claws you.
You barely miss Natasha.
Natasha is moderately wounded.
Natasha completely misses you. The white imp hits you.
The white imp freezes you.
You hit Natasha but do no damage.
Natasha is moderately wounded.
The white imp barely misses you. Natasha claws you but does no damage.
You hit Natasha.
Natasha is heavily wounded.
The white imp hits you but does no damage.
Natasha barely misses you.
You hit Natasha.
Natasha is severely wounded.
The white imp completely misses you.
Natasha mumbles some strange words.
You closely miss Natasha.
Natasha is severely wounded.
The white imp hits you. The white imp freezes you.
* * * LOW HITPOINT WARNING * * *
Natasha claws you.
* * * LOW HITPOINT WARNING * * *
You hit Natasha.
Natasha is almost dead.
The white imp gestures at you. The puff of frost hits you!
You die...

#....># #.####.#.####.
##...## #......#.# #.
##.## ######.#.####. #.#
##+#...... #.#
##...###### #.##
##.....## #..##
##.......##
#####..5####.........###
#......@h..+.........'..
#.###..5####.........###
#.#..# ##.......##
#.###.# ##.....## ## ..#
##...## #.# ##'## #.#
#.# ... #####.###
#.......#


You could see Natasha and 2 white imps.

Vanquished Creatures
  3 bats (D:1)
  2 endoplasms (D:1)
  2 giant cockroaches
  6 goblins
  A hobgoblin (D:1)
  3 jackals (D:1)
  3 kobolds (D:1)
  2 quokkas (D:1)
  3 ball pythons
  A giant cockroach zombie (D:2)
  3 rats (D:1)
29 creatures vanquished.

Notes
Turn   | Place    | Note
-------+----------+-------------------------------------------
     0 | D:1      | Eitelfritz the Merfolk Gladiator began the quest for the
                  | Orb.
     0 | D:1      | Reached XP level 1. HP: 16/16 MP: 1/1
   152 | D:1      | Found Tuxist's Book Emporium.
   279 | D:1      | Reached XP level 2. HP: 15/22 MP: 2/2
   383 | D:1      | Found a faded altar of an unknown god.
  1005 | D:1      | Reached XP level 3. HP: 26/27 MP: 3/3
  1076 | D:1      | Reached skill level 5 in Polearms
  1227 | D:2      | Found Ifremol's Magic Scroll Boutique.
  1384 | D:2      | Noticed Natasha
  1396 | D:2      | Killed from afar by a white imp

Illustrated notes

Levels and vault maps discovered:
D:1:      matt_arrival_spirals, layout_basic, ebering_ecumenical_altar_ruins,
          serial_shops, nicolae_shop_temple_entry_statues_fountains
D:2:      layout_loops_corners, serial_shops, nicolae_shop_bloodbath_and_beyond,
          shop, serial_undead, serial_undead_c, serial_undead_b,
          serial_undead_d, serial_undead_c, uniq_natasha, uniq_robin

Skill      XL: |  1  2  3 |
---------------+----------+-----
Polearms       | 5 |  5.0
Fighting       | |  2.3
Throwing       | |  2.3
Armour         | |  0.5
Dodging        | |  4.5
Stealth        | |  0.2

Action                   || total
-------------------------++-------
Melee: Trident           ||   116
       Punch             ||     1
 Stab: Sleeping          ||     1
Armor: Leather armour    ||    29
Dodge: Dodged            ||    79
